 Dungeon Crawl Stone Soup version 0.30.0-17-ge0270778cf (webtiles) character file.

Game seed: 11026549078603397077

361 browni3141 the Trooper (level 6, 0/68 HPs)
             Began as an Ogre Warper on May 22, 2023.
             Slain by a black bear (2 damage)
             ... on level 2 of the Dungeon.
             The game lasted 00:06:35 (4711 turns).

browni3141 the Trooper (Ogre Warper)                Turns: 4711, Time: 00:06:36

Health: 0/68       AC:  6    Str: 18    XL:     6   Next: 66%
Magic:  11/11      EV:  9    Int: 14    God:
Gold:   183        SH:  0    Dex:  8    Spells: 4/11 levels left

rFire   . . .        a - +0 mace
rCold   + . .        (no shield)
rNeg    + . .        Y - +2 robe {rC+}
rPois   .            L - +1 hat
rElec   .            (no cloak)
rCorr   .            (gloves unavailable)
SInv    .            (boots unavailable)
Will    +....        (no amulet)
Stlth   +            R - ring of positive energy
HPRegen 0.31/turn    D - ring of willpower
MPRegen 0.12/turn

%: no passive effects
@: no status effects
A: large, unfitting armour, tough skin 1
a: no special abilities


You were on level 2 of the Dungeon.
You visited 1 branch of the dungeon, and saw 4 of its levels.

You collected 183 gold pieces.

Inventory:

Hand Weapons
 a - a +0 mace (weapon)
 S - a +0 shortbow of freezing
Missiles
 J - an atropa-tipped dart (quivered)
 W - 7 poisoned darts
Armour
 b - a +0 robe
 L - a +1 hat (worn)
 Y - a +2 robe of cold resistance (worn)
Magical Staves
 M - a staff of earth
Jewellery
 D - a ring of willpower (right hand)
 I - an amulet of magic regeneration
 R - a ring of positive energy (left hand)
 X - a ring of fire
Scrolls
 c - 2 scrolls of blinking
 E - a scroll of immolation {unknown}
 N - 3 scrolls of vulnerability
 O - a scroll of fear {unknown}
 P - a scroll of enchant weapon {unknown}
 Q - a scroll of acquirement {unknown}
 Z - 2 scrolls of teleportation {unknown}
Potions
 B - a potion of cancellation {unknown}
 F - a potion of haste {unknown}
 G - a potion of attraction {unknown}
 K - a potion of flight {unknown}
 U - 4 potions of might {unknown}
 V - a potion of ambrosia {unknown}


   Skills:
 * Level 6.3 Fighting
 + Level 3.2 Maces & Flails
 - Level 1.0 Throwing
 - Level 2.1 Dodging
 + Level 3.3 Spellcasting
 * Level 3.8 Translocations


You had 4 spell levels left.
You knew the following spells:

 Your Spells              Type           Power      Damage    Failure   Level
l - Lesser Beckoning      Tloc           26%        N/A       6%          2
t - Teleport Other        Tloc           13%        N/A       13%         3
B - Blink                 Tloc           26%        N/A       6%          2

Your spell library contained the following spells:

 Spells                   Type           Power      Damage    Failure   Level
 Sandblast                Erth           4%         2d4       21%         1
 Vhi's Electric Charge    Tloc/Air       14%        N/A       28%         3
 Passwall                 Tmut/Erth      1%         N/A       30%         2
 Manifold Assault         Tloc           13%        N/A       38%         4
 Stone Arrow              Conj/Erth      4%         3d7       52%         3


Dungeon Overview and Level Annotations

Branches:
Dungeon (4/15)
 Temple: D:4-7

Altars:
Ashenzari
Kikubaaqudgha
Wu Jian

Annotations:
D:3 exclusion: scorpion


Innate Abilities, Weirdness & Mutations

You are too large for most types of armour.
You have tough skin. (AC +1)


Message History

The black bear resists.
You throw an atropa-tipped dart.
The atropa-tipped dart hits the black bear.
The black bear resists.
You throw an atropa-tipped dart.
The atropa-tipped dart closely misses the black bear.
You throw an atropa-tipped dart.
The atropa-tipped dart barely misses the black bear.
You throw an atropa-tipped dart.
The atropa-tipped dart hits the black bear.
The black bear resists.
Throw: dart (atropa)
Press: ? - help, Q - select action, (/) - cycle Shift-Dir - straight line, f/p - black bear
Aim: a black bear (65% to hit, chance to blind on hit: 3%)
Okay, then.
You barely miss the black bear. The black bear bites you.
The black bear barely misses you. x2
You hit the black bear.
The black bear is lightly wounded.
The black bear bites you. The black bear barely misses you.
The black bear claws you. The black bear barely misses you.
The black bear claws you but does no damage. x2
You barely miss the black bear.
The black bear is lightly wounded.
The black bear bites you. The black bear claws you. x2
You sock the black bear!
The black bear is heavily wounded.
The black bear bites you but does no damage.
The black bear barely misses you.
The black bear claws you but does no damage.
You closely miss the black bear.
The black bear is heavily wounded.
The black bear misses you.
The black bear claws you but does no damage. x2
You closely miss the black bear.
The black bear is heavily wounded.
The black bear closely misses you. The black bear claws you. x2
The black bear bites you but does no damage.
The black bear claws you.
The black bear claws you but does no damage.
You hit the black bear but do no damage.
The black bear is heavily wounded.
The black bear misses you. The black bear claws you. x2
You hit the black bear.
The black bear is heavily wounded.
The black bear barely misses you. x2
The black bear claws you but does no damage.
You barely miss the black bear.
The black bear is heavily wounded.
The black bear bites you.
The black bear claws you but does no damage. x2
You hit the black bear but do no damage.
The black bear is heavily wounded.
The black bear barely misses you. x2
The black bear claws you but does no damage.
The black bear bites you. The black bear barely misses you.
The black bear claws you but does no damage.
You barely miss the black bear.
The black bear is heavily wounded.
The black bear misses you.
The black bear claws you but does no damage. x2
You hit the black bear.
The black bear is heavily wounded.
The black bear bites you.
* * * LOW HITPOINT WARNING * * *
The black bear barely misses you.
The black bear claws you but does no damage.
You sock the black bear!
The black bear is almost dead.
The black bear goes berserk!
You hit the black bear.
The black bear is almost dead.
The black bear closely misses you. The black bear claws you.
* * * LOW HITPOINT WARNING * * *
The black bear claws you but does no damage.
The black bear bites you!
* * * LOW HITPOINT WARNING * * *
The black bear claws you.
* * * LOW HITPOINT WARNING * * *
The black bear claws you.
* * * LOW HITPOINT WARNING * * *
You hit the black bear.
The black bear is almost dead.
The black bear bites you.
* * * LOW HITPOINT WARNING * * *
The black bear claws you.
* * * LOW HITPOINT WARNING * * *
The black bear claws you but does no damage.
The black bear bites you.
* * * LOW HITPOINT WARNING * * *
The black bear claws you.
* * * LOW HITPOINT WARNING * * *
The black bear claws you but does no damage.
You barely miss the black bear.
The black bear is almost dead.
The black bear bites you but does no damage.
The black bear claws you.
* * * LOW HITPOINT WARNING * * *
The black bear barely misses you. x2; The black bear claws you.
You die...

......#.........#.##
##..
..>.).'.........(..##
#'..
......#........(>...###
##..
......#.........(.....#
#..
......#..........######
#.. ......##########.#
#.. #######
######'##### ###
#.....h....#
#.....@....#####
#..............#
#..............#
#..............# #
#..........##### #
#...........# #
#...........#### #
#..............########
#..........###.#......#


You could see a black bear (berserk).

Vanquished Creatures
  Sigmund (D:2)
  A hound (D:4)
  An orc priest (D:4)
  An iguana (D:3)
  Robin (D:2)
  2 adders
  A worm (D:4)
  A dart slug (D:4)
  7 orcs
  7 bats
  5 endoplasms
  A giant cockroach (D:1)
  14 goblins
  8 hobgoblins
  7 quokkas
  A ball python (D:1)
  3 frilled lizards
  7 kobolds
  9 rats
78 creatures vanquished.

Notes
Turn   | Place    | Note
-------+----------+-------------------------------------------
     0 | D:1      | browni3141 the Ogre Warper began the quest for the Orb.
     0 | D:1      | Reached XP level 1. HP: 22/22 MP: 3/3
   163 | D:1      | Reached skill level 3 in Fighting
   209 | D:1      | Reached XP level 2. HP: 31/31 MP: 5/5
   468 | D:1      | Found a faded altar of an unknown god.
   803 | D:2      | Noticed Robin
   849 | D:2      | Reached skill level 4 in Fighting
   851 | D:2      | Noticed Sigmund
   938 | D:2      | Reached XP level 3. HP: 17/39 MP: 6/6
  1049 | D:2      | Noticed a black bear
  1423 | D:3      | Reached XP level 4. HP: 15/49 MP: 7/7
  1558 | D:3      | Reached skill level 5 in Fighting
  1585 | D:3      | Found an ornate altar of the Wu Jian Council.
  1894 | D:3      | Learned a level 2 spell: Blink
  1897 | D:3      | Learned a level 2 spell: Lesser Beckoning
  1901 | D:3      | Learned a level 3 spell: Teleport Other
  2093 | D:3      | Noticed a scorpion
  2755 | D:4      | Reached skill level 3 in Translocations
  2755 | D:4      | Reached XP level 5. HP: 45/57 MP: 7/9
  2966 | D:4      | Found a broken altar of Ashenzari.
  3355 | D:4      | Found an ancient bone altar of Kikubaaqudgha.
  4125 | D:2      | HP: 2/58 [something (5)]
  4126 | D:2      | Killed Sigmund
  4127 | D:2      | Reached skill level 6 in Fighting
  4127 | D:2      | Reached skill level 3 in Maces & Flails
  4127 | D:2      | Reached skill level 3 in Spellcasting
  4127 | D:2      | Reached XP level 6. HP: 3/67 MP: 10/10
  4521 | D:2      | Killed Robin
  4711 | D:2      | HP: 2/68 [black bear (5)]
  4711 | D:2      | Slain by a black bear

Illustrated notes

Levels and vault maps discovered:
D:1:      reono_arrival_mine, layout_loops_ring,
          dreamdust_ecumenical_altar_hidden_monk_grotto
D:2:      layout_basic, kennysheep_potato, uniq_robin, uniq_sigmund
D:3:      layout_basic, mainiacjoe_overflow_brackets, columned_hall_lemuel,
          dk_vineyard_3, minmay_misc_feat_iff, chequers_serial_rivers_micro_e,
          minivault_5
D:4:      layout_basic, nicolae_ashenzari_panopticon, kennysheep_mini

Skill      XL: |  1  2  3  4  5 |
---------------+----------------+-----
Fighting       | 3 4 5 6 |  6.3
Maces & Flails | 2 3 |  3.2
Translocations | 3 |  3.8
Spellcasting   | 3 |  3.3
Throwing       | |  1.0
Dodging        | |  2.1

Action                     |  1- 3 |  4- 6 || total
---------------------------+-------+-------++-------
  Melee: Mace              |   127 |   232 ||   359
         Punch             |       |     2 ||     2
  Throw: Boomerang         |     3 |     4 ||     7
         Dart              |       |    21 ||    21
   Cast: Blink             |       |     1 ||     1
  Evoke: Wand              |       |     5 ||     5
    Use: Scroll            |       |     5 ||     5
         Potion            |       |     2 ||     2
   Stab: Sleeping          |     1 |       ||     1
 Armour: Robe              |    53 |   104 ||   157
  Dodge: Dodged            |    88 |   126 ||   214
